 Dungeon Crawl Stone Soup version 0.31-a0-931-g7b59d4eb97 (webtiles) character file.

Game seed: 11700674338885990573

61474 Bnni the Impaler (level 15, 0/142 (144) HPs)
             Began as a Hill Orc Monk on Oct 14, 2023.
             Was the Champion of Beogh.
             Slain by a sixfirhy (1 damage)
             ... summoned by an orc sorcerer
             ... on level 2 of the Orcish Mines on Oct 19, 2023.
             The game lasted 01:29:14 (26631 turns).

Bnni the Impaler (Hill Orc Monk)                   Turns: 26631, Time: 01:29:15

HP:   0/142 (144)   AC: 26    Str: 22    XL:     15   Next: 3%
MP:   27/27         EV:  8    Int: 10    God:    Beogh [******]
Gold: 1908          SH:  0    Dex: 13    Spells: 14/14 levels left

rFire   + . .        w - +4 demon trident (vamp)
rCold   . . .        d - orb {light}
rNeg    . . .        x - +1 plate armour "Kase" {rPois}
rPois   +            G - +0 helmet
rElec   .            g - +2 cloak
rCorr   .            m - +0 pair of gloves
SInv    .            J - +1 pair of boots {rampage}
Will    +....        M - amulet of faith Stlth
                     S - +4 ring of protection
HPRegen 0.43/turn    n - ring of protection from fire
MPRegen 0.20/turn

%: rampage, faith
@: lethally poisoned (0 -> -2), slowed, glowing, studying Polearms, lightly
drained, very slow
A: walk on water
a: Renounce Religion, Smiting, Recall Orcish Followers, Give Item to Named
Follower, Resurrection


You were on level 2 of the Orcish Mines.
You worshipped Beogh.
Beogh was exalted by your worship.
You visited 3 branches of the dungeon, and saw 22 of its levels.
You also visited: Trove, Sewer and Gauntlet.

You collected 3190 gold pieces.
You spent 1282 gold pieces at shops.

Inventory:

Hand Weapons
 w - a +4 vampiric demon trident (weapon)
 N - a +1 bardiche of freezing
 Y - a +3 glaive of protection
 Z - a +2 glaive of flaming
Missiles
 k - 6 silver javelins
 o - 3 throwing nets
 K - 2 javelins
 L - 11 boomerangs
Armour
 d - an orb of light (worn)
 g - a +2 cloak (worn)
 m - a +0 pair of gloves (worn)
 p - the +5 ring mail of Resilience {rF++ rCorr Str+3 Slay-2}
   (You found it on level 3 of the Dungeon)

   Str+3:     It affects your strength (+3).
   Slay-2:    It affects your accuracy & damage with ranged weapons and melee
   (-2).
   rF++:      It greatly protects you from fire.
   rCorr:     It protects you from acid and corrosion.
 x - the +1 plate armour "Kase" (worn) {rPois}
   (You found it on level 3 of the Lair of Beasts)

   rPois:     It protects you from poison
 G - a +0 helmet (worn)
 J - a +1 pair of boots of rampaging (worn)
Jewellery
 h - a ring of poison resistance
 n - a ring of protection from fire (right hand)
 y - a ring of ice
 M - an amulet of faith (around neck)
 S - a +4 ring of protection (left hand)
Wands
 E - a wand of flame (37)
 F - a wand of iceblast (38)
 O - a wand of paralysis (19)
 U - a wand of digging (8)
Scrolls
 b - 6 scrolls of enchant armour
 e - a scroll of silence {unknown}
 i - 6 scrolls of immolation
 l - 12 scrolls of teleportation
 t - 2 scrolls of blinking
 u - 2 scrolls of brand weapon
 v - 5 scrolls of revelation
 z - 2 scrolls of butterflies
 D - 2 scrolls of fog
 Q - a scroll of fear
Potions
 a - a potion of might {unknown}
 c - a potion of brilliance
 f - a potion of ambrosia
 q - 9 potions of enlightenment
 r - 7 potions of mutation
 s - 3 potions of cancellation
 A - 2 potions of curing
 B - a potion of attraction
 C - a potion of haste
 H - 2 potions of heal wounds
 I - 3 potions of invisibility {unknown}
 P - a potion of berserk rage {unknown}
 R - 2 potions of resistance {unknown}
 T - 2 potions of lignification
Miscellaneous
 V - a phial of floods
 W - a lightning rod (4/4)
 X - a phantom mirror


   Skills:
 + Level 16.2 Fighting
 - Level 18.0 Polearms
 + Level 6.3 Armour
 + Level 5.3 Dodging
 * Level 5.9 Shields
 + Level 16.1 Invocations


You had 14 spell levels left.
You didn't know any spells.
Your spell library contained the following spells:

 Spells                   Type           Power      Damage    Failure   Level
 Magic Dart               Conj           0%         1d3       100%        1
 Sandblast                Erth           0%         2d4       100%        1
 Shock                    Conj/Air       0%         1d3       100%        1
 Slow                     Hex            0%         N/A       100%        1
 Summon Small Mammal      Summ           0%         N/A       100%        1
 Call Imp                 Summ           0%         N/A       100%        2
 Cigotuvi's Dreadful Rot  Necr/Pois/Air  0%         N/A       100%        2
 Passwall                 Tmut/Erth      0%         N/A       100%        2
 Searing Ray              Conj           0%         2d4       100%        2
 Static Discharge         Conj/Air       0%         2-2/arc   100%        2
 Call Canine Familiar     Summ           0%         N/A       100%        3
 Confusing Touch          Hex            0%         N/A       100%        3
 Mephitic Cloud           Conj/Pois/Air  0%         N/A       100%        3
 Sigil of Binding         Hex            0%         N/A       100%        3
 Stone Arrow              Conj/Erth      0%         3d7       100%        3
 Summon Guardian Golem    Hex/Summ       0%         N/A       100%        3
 Swiftness                Air            0%         N/A       100%        3
 Vampiric Draining        Necr           0%         2d6       100%        3
 Airstrike                Air            0%         2d(0-16)  100%        4
 Brom's Barrelling Bould  Conj/Erth      0%         2d3       100%        4
 Dispel Undead            Necr           0%         3d6       100%        4
 Fulminant Prism          Conj/Hex       0%         3d5       100%        4
 Summon Lightning Spire   Summ/Air       0%         N/A       100%        4
 Fireball                 Conj/Fire      0%         3d3       100%        5
 Iskenderun's Battlesphe  Conj           0%         2d6       100%        5
 Conjure Ball Lightning   Conj/Air       0%         3x3d6     100%        6
 Death Channel            Necr           0%         N/A       100%        6
 Orb of Destruction       Conj           0%         9d5       100%        7


Dungeon Overview and Level Annotations

Branches:
Dungeon (15/15)            Temple (0/1) D:6            Lair (5/5) D:9
 Shoals (0/4) Lair:3       Spider (0/4) Lair:2        Slime (0/5) Lair:5
    Orc (2/2) D:11         Vaults (0/5) D:14         Depths (0/4) D:15
  Sewer (visited)         Gauntlet (visited)
    Elf: Orc:2

Altars:
Ashenzari
Cheibriados
Elyvilon
Hepliaklqana
Kikubaaqudgha
Qazlal
Ru
Sif Muna
Xom
Yredelemnul
Zin
The Shining One
Jiyva

Shops:
D:3 [   D:6 !(   D:7 (   D:10 =([=:

Annotations:
Orc:2 Josephine


Message History

Your orc priest dies!
The orc knight hits you with a +0 great sword.
The wraith hits you but does no damage. The wraith barely misses you.
Unknown command.
You feel very sick.
The orc sorcerer mumbles some strange words.
The orc knight closely misses you. The wraith attacks as it pursues you!
The wraith hits you but does no damage.
The warg stops to sniff the ground.
The orc knight roars a battlecry!
The wraith closely misses you.
An orc comes into view. It is wielding a +0 flail.
The orc falls on its knees before you.
It says, "I'm so glad you are here now."
You feel very sick.
The orc sorcerer points at you and mumbles some strange words.
The bolt of negative energy hits you!
You feel drained.
* * * LOW HITPOINT WARNING * * *
The wraith attacks as it pursues you! The wraith hits you but does no damage.
The wraith hits you.
* * * LOW HITPOINT WARNING * * *
You feel sick.
The sixfirhy hits you but does no damage.
The warg attacks as it pursues you! The warg bites you but does no damage.
The orc sorcerer points at you and mumbles some strange words.
The bolt of fire hits you! You resist.
* * * LOW HITPOINT WARNING * * *
An orc wizard comes into view. It is wielding a +0 dagger.
The orc wizard stares at you in amazement and kneels.
The sixfirhy hits you but does no damage.
The warg bites you but does no damage.
Your orc wizard gestures at the orc knight while chanting.
The puff of flame hits the orc knight.
The wraith barely misses you.
There is a stone staircase leading up here.
You feel sick. The sixfirhy hits you!
* * * LOW HITPOINT WARNING * * *
The sixfirhy shocks you!
* * * LOW HITPOINT WARNING * * *
The sixfirhy hits you.
You die...

.................
o....$.......$...
....o............
......o..).......
.........)......#
......†WW......#.
.......o@.W......
.......hWo.....<.
.o.....@3........
##...............
.................
#................
.................
................
...............
...........<...


You could see Josephine (ally target), an orc knight (ally target), a sixfirhy
(summoned), 4 wraiths, a warg, an orc sorcerer (strong), a friendly orc warrior,
2 friendly orc wizards and a friendly orc (strong).

Vanquished Creatures
  A stone giant (D:15)
  A minotaur (Gauntlet)
  A vault guard (D:14)
  2 hydras
  A ghost crab (Gauntlet)
  3 centaur warriors
  A boulder beetle (D:11)
  3 death yaks (Lair:4)
  A two-headed ogre (D:11)
  A death drake (Gauntlet)
  A skeletal warrior (D:13)
  A spectral wolf spider (Gauntlet)
  A necromancer (Gauntlet)
  A harpy (Lair:5)
  A lindwurm (Lair:3)
  5 ugly things (D:14)
  A deep elf pyromancer (D:12)
  3 cyclopes
  3 spectral centaurs (Gauntlet)
  A manticore (D:15)
  An elephant (Lair:5)
  3 black mambas
  2 gargoyles
  An unseen horror (D:12)
  5 cane toads
  Psyche (D:8)
  3 rime drakes
  3 komodo dragons
  A freezing wraith (D:14)
  A wind drake (Lair:4)
  A hornet (D:9)
  2 trolls
  A snapping turtle (Lair:4)
  Sigmund (D:6)
  A jumping spider (Lair:2)
  4 flying skulls (Gauntlet)
  2 slime creatures
  3 shadows (Gauntlet)
  A vampire (D:9)
  2 spriggans
  8 wyverns
  Eustachio (D:5)
  2 wraiths
  31 yaks
  2 basilisks
  2 steam dragons
  A redback (Lair:2)
  2 wargs
  3 water moccasins
  Duvessa (D:5)
  An orc warrior (D:9)
  An ice beast (D:6)
  3 black bears
  6 ogres
  3 boggarts (D:14)
  7 wolves
  11 centaurs
  A kobold brigand (D:9)
  10 bullfrogs
  2 scorpions (D:5)
  A water moccasin zombie (D:5)
  Dowan (D:5)
  10 killer bees
  2 howler monkeys (D:13)
  An electric eel (D:10)
  A centaur zombie (D:5)
  4 orc priests
  A gnoll bouda (D:5)
  Crazy Yiuf (D:5)
  2 hounds (D:6)
  2 jellies
  A sleepcap (D:5)
  7 iguanas
  4 orc wizards
  2 hell rats
  9 adders
  8 gnolls
  3 river rats (Sewer)
  A shadow imp (D:6)
  2 white imps
  An ufetubus (D:7)
  A worm (D:5)
  The ghost of Opifex the Sneak, a weakling DrDe (D:5)
  2 dart slugs (D:1)
  14 orcs
  6 endoplasms
  6 giant cockroaches
  8 goblins
  6 hobgoblins
  8 jackals
  6 quokkas
  17 ball pythons
  13 bats
  2 frilled lizards
  10 kobolds
  6 rats
340 creatures vanquished.

Vanquished Creatures (collateral kills)
  Jorgrun (D:13)
  The ghost of Niar Sio the Brawler, a journeyman TrBe of Trog (Lair:4)
  A fire dragon (Lair:2)
  3 vault guards (D:13)
  Fannar (D:9)
  3 hydras
  A merfolk avatar (Lair:5)
  A centaur warrior (D:13)
  2 two-headed ogres
  4 boulder beetles
  3 tengu warriors
  14 death yaks
  6 skeletal warriors (D:13)
  2 skysharks
  A sea snake (Lair:4)
  2 deep elf pyromancers (D:13)
  5 ugly things (D:14)
  2 cyclopes
  3 manticores
  2 elephants
  5 black mambas
  6 cane toads
  A komodo dragon (shapeshifter) (D:14)
  A rime drake (Lair:2)
  5 komodo dragons
  2 trolls
  7 polar bears
  A blink frog (Lair:5)
  2 snapping turtles (Lair:5)
  2 slime creatures (D:13)
  4 spriggans
  A wraith (D:9)
  A shadow (D:10)
  A basilisk (Lair:4)
  2 wyverns
  20 yaks
  2 vampire mosquitoes (D:14)
  5 steam dragons
  A warg (D:9)
  5 water moccasins
  An orc warrior (D:9)
  8 wolves
  2 boggarts (D:14)
  3 centaurs
  2 bullfrogs
  A kobold brigand (D:10)
  A killer bee (D:9)
  An orc priest (D:9)
  3 orc wizards
  9 hell rats
  A gnoll (D:6)
  2 orcs
  2 kobolds
  3 butterflies (Lair:4)
171 creatures vanquished.

Vanquished Creatures (others)
  2 orc wizards
  4 orc priests
  13 orcs
19 creatures vanquished.

Grand Total: 530 creatures vanquished

Notes
Turn   | Place    | Note
-------+----------+-------------------------------------------
     0 | D:1      | Bnni the Hill Orc Monk began the quest for the Orb.
     0 | D:1      | Reached XP level 1. HP: 19/19 MP: 1/1
   108 | D:1      | Reached XP level 2. HP: 27/27 MP: 2/2
   229 | D:1      | Reached skill level 4 in Polearms
   392 | D:1      | Reached XP level 3. HP: 33/33 MP: 3/3
  1361 | D:3      | Found Esahid Ibbed's Antique Armour Emporium.
  1407 | D:3      | Identified the +5 ring mail of Resilience {rF++ rCorr Str+3
                  | Slay-2}
  1593 | D:3      | Found a glowing drain.
  1614 | Sewer    | Entered a sewer
  1619 | Sewer    | Reached XP level 4. HP: 41/41 MP: 4/4
  1839 | Sewer    | Reached skill level 5 in Polearms
  2221 | Sewer    | Reached XP level 5. HP: 44/47 MP: 5/5
  2910 | D:3      | Reached skill level 5 in Fighting
  3241 | D:4      | Became a worshipper of Beogh the Brigand
  3241 | D:4      | Reached * piety under Beogh
  3241 | D:4      | Reached ** piety under Beogh
  3255 | D:4      | Reached skill level 6 in Polearms
  3578 | D:4      | Reached XP level 6. HP: 56/56 MP: 6/6
  3772 | D:4      | Noticed a black bear
  3783 | D:4      | Killed a black bear
  4039 | D:4      | Found a shimmering altar of Xom.
  4190 | D:5      | Entered Level 5 of the Dungeon
  4207 | D:4      | Reached skill level 7 in Polearms
  4263 | D:5      | Reached XP level 7. HP: 44/63 MP: 7/7
  4397 | D:5      | Found a glowing silver altar of Zin.
  4471 | D:5      | Reached skill level 1 in Invocations
  4499 | D:5      | Found a snail-covered altar of Cheibriados.
  4785 | D:5      | Found a runed translucent gate.
  4785 | D:5      | Found a runed translucent gate.
  4785 | D:5      | Found a runed translucent gate.
  4785 | D:5      | Noticed Opifex's ghost (weakling DrDe)
  4787 | D:5      | Found a basalt altar of Yredelemnul.
  4804 | D:5      | Reached skill level 8 in Polearms
  4815 | D:5      | Killed Opifex's ghost
  4876 | D:5      | Noticed Eustachio
  4897 | D:5      | Killed Eustachio
  4898 | D:5      | Reached XP level 8. HP: 36/73 MP: 8/10
  5357 | D:5      | Found a runed translucent door.
  5358 | D:5      | Noticed Crazy Yiuf
  5373 | D:5      | Killed Crazy Yiuf
  5373 | D:5      | Reached *** piety under Beogh
  5615 | D:5      | Reached skill level 9 in Polearms
  5820 | D:6      | Noticed Duvessa
  5821 | D:6      | Noticed Dowan
  5825 | D:6      | Noticed Sigmund
  5946 | D:6      | Found a white marble altar of Elyvilon.
  6020 | D:6      | Killed Sigmund
  6021 | D:6      | Reached skill level 5 in Invocations
  6139 | D:5      | Reached XP level 9. HP: 68/81 MP: 11/13
  6152 | D:5      | Killed Duvessa
  6153 | D:5      | Reached skill level 10 in Polearms
  6154 | D:5      | Killed Dowan
  6248 | D:6      | Found Suig's Weapon Emporium.
  6765 | D:6      | Found a staircase to the Ecumenical Temple.
  6803 | D:6      | Found a glowing golden altar of the Shining One.
  6952 | D:6      | Identified a scroll of acquirement
  7143 | D:6      | Found Lyxefex's Distillery.
  7146 | D:6      | Bought a potion of heal wounds for 55 gold pieces
  7146 | D:6      | Bought a potion of heal wounds for 55 gold pieces
  7253 | D:6      | Acquired a +1 vampiric demon trident
  7257 | D:7      | Found a hazy altar of Hepliaklqana.
  7267 | D:7      | Identified the +6 war axe "Goish" {freeze, Contam rF+ rC+
                  | Will++}
  7299 | D:7      | Reached **** piety under Beogh
  7364 | D:7      | Found Uttef's Weapon Shop.
  7530 | D:7      | Gained Ugbert as an ally
  7531 | D:7      | Reached skill level 11 in Polearms
  7898 | D:8      | Found an ancient bone altar of Kikubaaqudgha.
  7909 | D:8      | Reached XP level 10. HP: 91/91 MP: 15/15
  7934 | D:8      | Reached skill level 12 in Polearms
  8372 | D:8      | Noticed Psyche
  8378 | D:8      | Killed Psyche
  8379 | D:8      | Reached skill level 10 in Fighting
  8457 | D:8      | Found a sacrificial altar of Ru.
  8899 | D:9      | Found a staircase to the Lair.
  8918 | D:9      | Reached skill level 13 in Polearms
  9483 | D:9      | Found a shimmering blue altar of Sif Muna.
  9953 | D:9      | Paralysed by a hornet for 2 turns
 10180 | D:9      | Reached XP level 11. HP: 94/101 MP: 18/18
 10546 | D:10     | Entered Level 10 of the Dungeon
 10718 | D:10     | Found Jiylesse's Antique Armour Emporium.
 10744 | D:10     | Found Extia's Weapon Boutique.
 10868 | D:10     | Noticed Fannar
 11199 | D:9      | Killed Fannar
 11200 | D:9      | Reached skill level 10 in Invocations
 11325 | D:10     | Found Foziurghoposk's Book Boutique.
 11353 | D:10     | Found a broken altar of Ashenzari.
 11460 | D:10     | Reached skill level 14 in Polearms
 11715 | D:10     | Found Xefukki's Jewellery Shop.
 12030 | D:10     | Found Gihuleogg's Jewellery Boutique.
 12378 | D:11     | Acquired 894 gold pieces
 12459 | D:11     | Noticed a boulder beetle
 12468 | D:11     | Killed a boulder beetle
 12558 | D:11     | Noticed a cyclops
 12578 | D:11     | Killed a cyclops
 12738 | D:11     | Noticed a two-headed ogre
 12743 | D:11     | Killed a two-headed ogre
 12826 | D:11     | Found a staircase to the Orcish Mines.
 12837 | D:11     | Reached ***** piety under Beogh
 13299 | D:12     | Noticed a boulder beetle
 13310 | D:12     | Killed a boulder beetle
 13311 | D:12     | Reached XP level 12. HP: 100/113 MP: 20/20
 13686 | D:12     | Upgraded the game from 0.31-a0-876-gfe8ebadbca to
                  | 0.31-a0-931-g7b59d4eb97
 14601 | D:13     | Noticed a centaur warrior
 14612 | D:13     | Killed a centaur warrior
 14613 | D:13     | Reached skill level 15 in Polearms
 14900 | D:13     | Noticed a seven-headed hydra
 14909 | D:13     | Killed a seven-headed hydra
 14910 | D:13     | Identified the +1 robe of Anaesthesia {*Slow Str+3 Dex+2}
 14999 | D:13     | You fall into a shaft and drop 2 floors!
 14999 | D:15     | Entered Level 15 of the Dungeon
 15013 | D:15     | Found a portal to a secret trove of treasure.
 15163 | D:13     | Noticed a boulder beetle
 15175 | D:13     | Killed a boulder beetle
 15229 | D:13     | Noticed Jorgrun
 15242 | D:13     | Killed Jorgrun
 15615 | D:6      | Bought the +7 demon blade of Ru's Indignation {elec, rC+}
                  | for 1038 gold pieces
 15802 | D:15     | You paid a toll of a +7 demon blade to enter a treasure
                  | trove
 15803 | Trove    | Entered a treasure trove
 15814 | Trove    | Identified the +7 glaive of Somewhere Else {drain, rC+}
 15827 | Trove    | Identified the +5 morningstar of Subjectivity {protect,
                  | rElec Int+3}
 15884 | D:14     | Noticed a centaur warrior
 15902 | D:14     | Killed a centaur warrior
 16283 | D:13     | Gained Olfik as an ally
 16373 | D:14     | Found a gate to the Vaults.
 16373 | D:14     | Noticed a two-headed ogre
 16373 | D:14     | Noticed a vault guard
 16373 | D:14     | Noticed a vault guard
 16373 | D:14     | Noticed a vault guard
 16373 | D:14     | Noticed a vault guard
 16373 | D:14     | Noticed a centaur warrior
 16373 | D:14     | Noticed a tengu warrior
 16373 | D:14     | Noticed a centaur warrior
 16434 | D:13     | Killed a tengu warrior
 16528 | D:13     | Killed a vault guard
 16551 | D:13     | Killed a vault guard
 16552 | D:13     | Reached XP level 13. HP: 106/124 MP: 23/23
 16680 | D:13     | Killed a vault guard
 16681 | D:13     | Reached skill level 16 in Polearms
 17437 | D:14     | a harpy changed into an entropy weaver
 17437 | D:14     | Noticed an entropy weaver (shapeshifter)
 17507 | D:14     | Killed a vault guard
 17986 | D:6      | Bought a +1 trident of protection for 134 gold pieces
 18312 | D:14     | Reached skill level 1 in Armour
 18580 | D:15     | Found a stormy altar of Qazlal.
 18929 | D:15     | Found a staircase to the Depths.
 18929 | D:15     | Noticed a stone giant
 18935 | D:15     | Killed a stone giant
 19072 | Lair:1   | Entered Level 1 of the Lair of Beasts
 19091 | Lair:1   | Reached skill level 15 in Fighting
 19428 | Lair:1   | Found a gate leading to a gauntlet.
 19443 | Gauntlet | Entered a Gauntlet
 19443 | Gauntlet | Found a transporter.
 19452 | Gauntlet | Found a runed translucent gate.
 19452 | Gauntlet | Found a runed translucent gate.
 19452 | Gauntlet | Found a runed translucent gate.
 19454 | Gauntlet | Found a transporter.
 19457 | Gauntlet | Found a transporter.
 19458 | Gauntlet | Found a transporter.
 19469 | Gauntlet | Found a transporter.
 19469 | Gauntlet | Found a transporter.
 19470 | Gauntlet | Found a transporter.
 19478 | Gauntlet | Found a transporter.
 19481 | Gauntlet | Found a transporter.
 19482 | Gauntlet | Found a transporter.
 19490 | Gauntlet | Found a transporter.
 19493 | Gauntlet | Found a transporter.
 19494 | Gauntlet | Found a transporter.
 19505 | Gauntlet | Found a transporter.
 19561 | Gauntlet | Found a runed translucent door.
 19619 | Gauntlet | Identified the +3 hand axe of the Two Names {venom, rElec
                  | rF+++ rCorr Str-5}
 19695 | Gauntlet | Reached skill level 15 in Invocations
 19844 | Gauntlet | Reached skill level 17 in Polearms
 20095 | Gauntlet | Acquired a manual of Polearms
 20117 | Gauntlet | Noticed a minotaur
 20139 | Gauntlet | Killed a minotaur
 20148 | Gauntlet | Identified the +0 ring mail "Opluuck" {rF- Dex+6}
 20532 | Lair:2   | Identified the "Gaysk"
 20536 | Lair:2   | Reached XP level 14. HP: 114/115 MP: 25/25
 20536 | Lair:2   | Gained Bogmar as an ally
 20554 | Lair:2   | Gained Grimold as an ally
 20972 | Lair:2   | Found a hole to the Spider Nest.
 21181 | Lair:2   | Identified the +6 arbalest of Ash {flame, rN+ Str+3 Int+2}
 21481 | Lair:3   | Found a staircase to the Shoals.
 21793 | Lair:3   | Acquired 627 gold pieces
 21808 | Lair:3   | You fall into a shaft and drop 1 floor!
 22025 | Lair:4   | Found a runed translucent door.
 22025 | Lair:4   | Noticed Niar Sio's ghost (journeyman TrBe)
 22087 | Lair:3   | Identified the +1 plate armour "Kase" {rPois}
 22591 | Lair:4   | Reached skill level 18 in Polearms
 22595 | Lair:4   | Reached skill level 1 in Shields
 22598 | Lair:4   | Reached ****** piety under Beogh
 23125 | Lair:4   | Killed Niar Sio's ghost
 23126 | Lair:4   | Reached skill level 5 in Armour
 23350 | Lair:5   | Entered Level 5 of the Lair of Beasts
 24622 | Lair:4   | Reached skill level 5 in Dodging
 25107 | Lair:4   | Reached skill level 5 in Shields
 25590 | Lair:5   | Identified the +2 scale mail of the Unseen Realm {rC+ rN+
                  | Will+ Str-2}
 25654 | Lair:5   | Reached XP level 15. HP: 144/144 MP: 27/27
 25824 | Lair:5   | Found a staircase to the Slime Pits.
 25825 | Lair:5   | Found a viscous altar of Jiyva.
 26297 | Orc:1    | Entered Level 1 of the Orcish Mines
 26613 | Orc:2    | Entered Level 2 of the Orcish Mines
 26614 | Orc:2    | Noticed Josephine
 26631 | Orc:2    | HP: 1/142 [sixfirhy[an orc sorcerer] (10)]
 26631 | Orc:2    | Slain by a sixfirhy

Illustrated notes

Levels and vault maps discovered:
D:1:      dpeg_arrival_three_same_balls, layout_loops_ring,
          corexii_item_surrounded_by_moat, minmay_misc_feat_cross, minivault_14
D:2:      layout_loops_ring
D:3:      minmay_door_path, layout_loops_ring, portal_sewer_entry_f,
          serial_shops, shop_fountains
D:4:      layout_cave_pods, lemuel_coloured_pillars_altar, minmay_liquid_box,
          chequers_serial_rivers_micro_a
D:5:      layout_cave_pools, nicolae_yredelemnul_ghost_church,
          mainiacjoe_overflow_chevrons, mainiacjoe_overflow_boulevard,
          kennysheep_generic_room_7, uniq_crazy_yiuf_cottage, uniq_eustachio
D:6:      layout_rooms, nicolae_elyvilon_peaceful_grove, tso_metal_star,
          minmay_temple_entry_hall, serial_bayou, serial_bayou_shore_a,
          serial_bayou_lagoon_a, serial_bayou_crossing, serial_bayou_pond_e,
          serial_bayou_pond_e, serial_shops, kennysheep_mini_moat, shop,
          chequers_jeans, uniq_sigmund, uniq_duvessa
D:7:      black_bear_nest_1, layout_rooms, overflow_temple_1_default,
          serial_shops, shop
D:8:      layout_basic, mainiacjoe_overflow_tiny_flanked,
          mainiacjoe_overflow_24_doors, uniq_psyche
D:9:      kennysheep_steamy, layout_loops_corners, led_sif_pool,
          erik_lair_orcish_takeover
D:10:     layout_basic, mainiacjoe_overflow_concentric_impassable, serial_shops,
          shop, shop, nicolae_shop_hallway_stairs, shop,
          nicolae_shop_gibbet_a_chance, uniq_fannar
D:11:     layout_stronghold, orc_0_dummy
D:12:     layout_roguey, minivault_24
D:13:     layout_basic, uniq_jorgrun
D:14:     layout_long_grid, lightli_vaults_fourway_checkpoint,
          hangedman_abyss_or_decor_slice
D:15:     grunt_enter_depths_snipers, layout_cross, serial_column_ruins,
          column_ruins_columns_dead_end, column_ruins_open_tiny,
          column_ruins_corridor_corner, column_ruins_corridor_dead_end,
          column_ruins_corridor_corner, grunt_qazlal_clouds, enter_trove_3
Lair:1:   layout_regular_city, gauntlet_entry_generic,
          cheibrodos_lair_caveside_slide, lemuel_fruit_fields
Lair:2:   dragon1_lemuel, layout_small_grid, spider_nest_entry_funnel_web,
          evilmike_ambush [evilmike_ambush_outer_corners,
          evilmike_ambush_inner_basic]
Lair:3:   layout_misc_corridors, minmay_shoals_entry_centaurs, lemuel_fruit_tree
Lair:4:   layout_roguey, ebering_ghost_inner_flame, beast_lair_carwin_9,
          lemuel_fruit_fields
Lair:5:   gammafunk_lair_ancient_temple, layout_long_grid, slime_entry_1,
          wad_woods_01, infiniplex_staircase_pool_2
Orc:1:    layout_diamond_mine
Orc:2:    grunt_orc_gardens, layout_caves, grunt_orc_garden, grunt_orc_garden,
          grunt_orc_garden, grunt_orc_garden, special_room, uniq_azrael,
          uniq_josephine

Skill      XL: |  1  2  3  4  5  6  7  8  9 10 11 12 13 14 |
---------------+-------------------------------------------+-----
Fighting       | 4 5 6 7 8 9 10 12 14 15 16 | 16.2
Polearms       | 4 5 6 7 8 9 11 13 14 15 17 18 | 18.0
Invocations    | 3 5 7 9 11 13 15 16 | 16.1
Armour         | 3 6 |  6.3
Dodging        | 3 5 |  5.3
Shields        | 5 |  5.9

Action                     |  1- 3 |  4- 6 |  7- 9 | 10-12 | 13-15 || total
---------------------------+-------+-------+-------+-------+-------++-------
  Melee: Spear             |   151 |   158 |       |       |       ||   309
         Trident           |       |    78 |   200 |       |       ||   278
         Halberd           |       |       |    72 |       |       ||    72
         Demon trident     |       |       |    37 |   457 |   599 ||  1093
  Throw: Dart              |       |       |       |     5 |     1 ||     6
         Boomerang         |       |       |       |     1 |       ||     1
         Throwing net      |       |       |       |     2 |     4 ||     6
         Javelin           |       |       |       |       |     1 ||     1
 Invoke: Convert to Beogh  |       |     1 |       |       |       ||     1
         Recall Orcish Fol |       |       |       |    28 |    28 ||    56
         Smiting           |       |       |       |     3 |     2 ||     5
         Give Item to Name |       |       |       |     1 |     3 ||     4
  Evoke: Wand              |       |       |       |     2 |     1 ||     3
    Use: Potion            |       |     2 |       |       |     6 ||     8
         Scroll            |       |     7 |     8 |     2 |    12 ||    29
   Stab: Distracted        |       |       |       |     6 |     7 ||    13
         Paralysed         |       |       |       |     1 |     3 ||     4
         Held in net/web   |       |       |       |       |     2 ||     2
 Armour: Robe              |     5 |       |       |       |       ||     5
         Leather armour    |    17 |       |       |       |       ||    17
         Ring mail         |    23 |   147 |   271 |   293 |   445 ||  1179
         Skin              |       |     6 |       |       |       ||     6
         Plate armour      |       |       |       |       |   408 ||   408
  Dodge: Dodged            |    60 |   127 |   153 |   151 |   356 ||   847

Table legend: (Time is in decaauts)
 A = Elapsed time spent in this place.
 B = Non-inter-level travel time spent in this place.
 C = Inter-level travel time spent in this place.
 D = Time resting spent in this place.
 E = Time spent auto-exploring this place.
 F = Levels seen in this place.
 G = Mean time per level.
                   A        B        C        D        E       F      G
               +--------+--------+--------+--------+--------+-----+--------+
         Total |  26417 |  24126 |   2291 |   6453 |  12287 |  25 | 1056.7 |
       Dungeon |  18319 |  16299 |   2020 |   3833 |   9167 |  15 | 1221.3 |
          Lair |   6115 |   5845 |    270 |   2041 |   2375 |   5 | 1223.0 |
  Orcish Mines |    330 |    329 |      1 |    100 |    100 |   2 |  165.0 |
         Trove |     29 |     29 |      0 |      0 |      0 |   1 |   29.0 |
         Sewer |    959 |    959 |      0 |    211 |    513 |   1 |  959.0 |
      Gauntlet |    662 |    662 |      0 |    268 |    132 |   1 |  662.0 |
               +--------+--------+--------+--------+--------+-----+--------+

Top non-repeatable levels by time:
  Lair:4: 2651 daAuts
     D:9: 2358 daAuts
    D:13: 2266 daAuts
    D:14: 1875 daAuts
     D:5: 1691 daAuts
     D:4: 1472 daAuts
    D:10: 1454 daAuts
     D:6: 1214 daAuts
  Lair:5: 1210 daAuts
     D:3: 979 daAuts
    D:11: 961 daAuts
   Sewer: 959 daAuts
    D:12: 942 daAuts
  Lair:2: 905 daAuts
  Lair:1: 797 daAuts
